Map: 만발의 정원 래더 (공허의 유산)

Players

MarineLorD

  • Race: Terran Terran
  • Spawn Location: 1:00

Maru - Winner!

  • Race: Terran Terran
  • League: Diamond
  • Spawn Location: 7:00

Event: WESG 2016 Finals

VOD

Have the link to the VOD?

Description

Time

  • Played on: Jan. 11, 2017, 10:51 p.m.
  • Length: 4:30

All games in this series

Show
View Real Time Build Order
Export as new Build Order

MarineLorD Terran 

Build Orders:  

Get SALT Encoding   

  12  0:00  SCV  
  13  0:12  SCV  
  14  0:17  Supply Depot  
  14  0:25  SCV  
  15  0:40  Barracks  
  15  0:43  Refinery  
  15  1:00  Barracks  
  15  1:01  SCV  
  16  1:13  SCV  
  17  1:27  Barracks Tech Lab, Orbital Command  
  17  1:40  Supply Depot  
  17  1:46  Marauder  
  19  1:47  Barracks Tech Lab  
  19  1:54  Concussive Shells  
  19  1:56  SCV  
  20  2:06  Marauder  
  22  2:12  Marauder  
  22  2:14  SCV  
  25  2:22  Supply Depot  
  25  2:27  Marauder  
  27  2:33  Marauder  
  29  2:42  SCV  
  29  2:54  SCV  
  29  2:56  Marauder  
  32  3:04  Marauder  
  32  3:06  SCV  
  29  3:18  SCV  
  29  3:23  Marauder  
  31  3:30  Marauder  
  31  3:38  SCV  
  31  3:45  Refinery  
  26  3:56  SCV  
  27  4:08  SCV  
Show
View Real Time Build Order
Export as new Build Order

Maru Terran - Winner!

Build Orders: 1/1/1, Cyclone Opening 

Get SALT Encoding   

  12  0:00  SCV  
  13  0:13  SCV  
  14  0:17  Supply Depot  
  14  0:25  SCV  
  15  0:28  Refinery  
  15  0:38  SCV  
  16  0:43  Barracks  
  16  0:50  SCV  
  16  0:56  Refinery  
  17  1:02  SCV  
  18  1:15  SCV  
  19  1:31  Orbital Command, Reaper  
  20  1:35  Factory  
  20  1:47  Supply Depot  
  20  1:56  SCV  
  21  2:03  Reaper  
  22  2:08  SCV  
  23  2:19  Cyclone  
  23  2:21  SCV, Starport  
  27  2:30  Supply Depot  
  27  2:33  SCV  
  27  2:36  Barracks Tech Lab  
  28  2:45  SCV  
  29  2:51  Cyclone  
  31  2:58  Bunker  
  31  3:05  SCV  
  27  3:21  SCV  
  26  3:29  Marine  
  26  3:35  Banshee  
  26  3:38  SCV  
  30  3:46  Supply Depot  
  30  3:52  Marine  
  33  4:10  Marine  
  33  4:16  SCV  
Tags
 
Add a new tag
Caveats
  • Supply blocks, unpowered buildings, or Contaminate may cause inaccurate times.
  • Supply counts are checked every 10 seconds.